 Dungeon Crawl Stone Soup version 0.28-a0-851-g8b9cc49659 (webtiles) character file.

Game seed: 8416575291377388984

1556 avis the Cleaver (level 8, -4/70 HPs)
             Began as a Hill Orc Monk on Nov 14, 2021.
             Was a Believer of Beogh.
             Slain by an orc warrior (11 damage)
             ... on level 5 of the Dungeon.
             The game lasted 00:34:15 (9827 turns).

avis the Cleaver (Hill Orc Monk)                    Turns: 9827, Time: 00:34:16

Health: -4/70      AC:  6    Str: 16    XL:     8   Next: 88%
Magic:  8/8        EV: 11    Int: 10    God:    Beogh [**....]
Gold:   250        SH:  0    Dex: 13    Spells: 7/7 levels left

rFire   + . .      SeeInvis .   A - +1 whip (freeze)
rCold   . . .      Faith    .   (no shield)
rNeg    . . .      Spirit   .   m - +1 ring mail {rF+}
rPois   .          Reflect  .   (no helmet)
rElec   .          Harm     .   (no cloak)
rCorr   .          Rampage  .   (no gloves)
Will    .....                   (no boots)
Stlth   +.........              (no amulet)
HPRegen 0.21/turn               (no ring)
MPRegen 0.11/turn               (no ring)

@: no status effects
A: no striking features
a: Renounce Religion, Smiting


You were on level 5 of the Dungeon.
You worshipped Beogh.
Beogh was pleased with you.
You visited 2 branches of the dungeon, and saw 7 of its levels.
You also visited: Ossuary.

You collected 250 gold pieces.

Inventory:

Hand Weapons
 a - a +0 hand axe
 b - a +0 hunting sling
 g - a +0 shortbow
 w - a +1 vorpal mace
 A - a +1 whip of freezing (weapon)
Missiles
 d - 75 stones
 h - 18 bolts
 p - 11 arrows
 q - 5 curare-tipped darts (quivered)
Armour
 i - a +0 chain mail
 l - a +0 buckler
 m - a +1 ring mail of fire resistance (worn)
 y - a +0 chain mail
Scrolls
 c - a scroll of teleportation
 n - 2 scrolls of fear
 r - a scroll of fog {unknown}
Potions
 e - a potion of flight
 f - 6 potions of curing {unknown}
 j - a potion of haste
 o - a potion of lignification
 s - a potion of magic {unknown}
 t - 2 potions of berserk rage {unknown}
 u - a potion of invisibility {unknown}
 v - a potion of ambrosia {unknown}
 x - 2 potions of attraction {unknown}
 z - a potion of cancellation {unknown}


   Skills:
 * Level 6.3 Fighting
 + Level 13.0 Axes
 - Level 1.0 Armour
 - Level 3.0 Dodging
 - Level 1.5 Stealth


You had 7 spell levels left.
You didn't know any spells.
Your spell library contained the following spells:

 Spells                   Type           Power      Damage    Failure   Level
 Slow                     Hex            0%         N/A       58%         1
 Ensorcelled Hibernation  Hex/Ice        0%         N/A       73%         2
 Call Canine Familiar     Summ           0%         N/A       91%         3
 Confusing Touch          Hex            0%         N/A       91%         3
 Portal Projectile        Hex/Tloc       0%         N/A       91%         3
 Tukima's Dance           Hex            0%         N/A       91%         3
 Leda's Liquefaction      Hex/Erth       0%         N/A       100%        4
 Alistair's Intoxication  Tmut/Pois      0%         N/A       100%        5
 Borgnjor's Vile Clutch   Necr/Erth      0%         N/A       100%        5
 Yara's Violent Unravell  Hex/Tmut       0%         3d3       100%        5
 Eringya's Noxious Bog    Tmut/Pois      0%         N/A       100%        6


Dungeon Overview and Level Annotations

Branches:
Dungeon (6/15)             Temple (1/1) D:4         Ossuary (visited)

Altars:
Ashenzari
Cheibriados
Dithmenos
Elyvilon
Fedhas
Gozag
Hepliaklqana
Kikubaaqudgha
Nemelex Xobeh
Okawaru
Qazlal
Ru
Trog
Uskayaw
Vehumet
Xom
Yredelemnul
Zin
The Shining One

Annotations:
D:3 2 transporters, ryw's ghost, amateur DESu
D:4 1 runed translucent door, exclusion: door, Crazy Yiuf
D:6 Pikel


Message History

You closely miss the orc warrior.
The orc warrior hits you with a +0 flail.
You closely miss the orc warrior.
You hit the orc warrior but do no damage.
The orc warrior hits you with a +0 flail!
Your +1 whip of freezing glows with a cold blue light!
A - a +1 whip of freezing (weapon)
The orc warrior hits you with a +0 flail!
There is an open door here.
The orc priest begins to cast a cantrip, but forgets the words!
The orc priest looks encouraged for a moment.
There is an open door here.
There is an open door here.
There is a stone staircase leading up here.
The orc warrior misses you.
You climb upwards.
There is a stone staircase leading down here.
You hit the orc warrior but do no damage.
The orc warrior hits you with a +0 flail!
* * * LOW HITPOINT WARNING * * *
You feel much better. The orc warrior barely misses you.
You barely miss the orc warrior.
The orc warrior hits you but does no damage.
You barely miss the orc warrior. You closely miss the orc warrior.
The orc warrior hits you with a +0 flail!
You closely miss the orc warrior. The orc warrior barely misses you.
You hit the orc warrior but do no damage.
You hit the orc warrior but do no damage.
The orc warrior hits you with a +0 flail!
You closely miss the orc warrior.
The orc warrior hits you but does no damage.
You hit the orc warrior but do no damage.
The orc warrior hits you with a +0 flail!!
* * * LOW HITPOINT WARNING * * *
The orc warrior closely misses you.
There is a fountain of clear blue water here.
The orc warrior hits you with a +0 flail!
You die...
Beogh appreciates the orc warrior's killing of a heretic priest.

######### ######...))..##
#...#.⌠#####⌠.#
#.###.##...##.#
#.###[#.⌠.⌠.#.#######
#...#..@o>..#.......#
#####...#.#.⌠.⌠.#.#.##.####
#.......#.##...##.#.......#
#.###...#.⌠#####⌠.#.##.##.#
#### #.#
#...##.......##.##.##.#
...###.#
#.##.##########.##.##.#
....##.###.##.##.#
#.##.##.#
............<....#
#.##.##.#
#...######.###...#
#.##.##.#


You could see an orc warrior.

Vanquished Creatures
  Prince Ribbit (D:4)
  A sky beast (D:5)
  A necrophage (D:5)
  2 ogres
  2 centaurs
  4 water moccasin zombies (Ossuary)
  A centaur zombie (D:5)
  A jelly (D:4)
  4 hounds (D:5)
  3 orc wizards
  4 iguanas
  2 mummies (Ossuary)
  3 gnolls (D:4)
  7 adders
  A white imp (D:6)
  An ufetubus (D:5)
  3 adder zombies (Ossuary)
  3 worms
  The ghost of croobank the Sneak, a weakling DsDe (D:5)
  3 dart slugs (D:2)
  10 orcs
  12 ball pythons
  6 endoplasms
  A giant cockroach (D:2)
  8 gnoll zombies (Ossuary)
  11 goblins
  4 hobgoblins
  7 jackals
  3 quokkas
  5 bats
  4 frilled lizards
  9 hobgoblin zombies (Ossuary)
  5 kobolds
  5 kobold zombies (Ossuary)
  3 orc zombies (Ossuary)
  6 rats
  2 rat zombies (D:6)
149 creatures vanquished.

Vanquished Creatures (others)
  An orc priest (D:6)
  A fungus (D:2)
  17 plants
19 creatures vanquished.

Grand Total: 168 creatures vanquished

Notes
Turn   | Place    | Note
-------+----------+-------------------------------------------
     0 | D:1      | avis the Hill Orc Monk began the quest for the Orb.
     0 | D:1      | Reached XP level 1. HP: 19/19 MP: 1/1
   111 | D:1      | Reached XP level 2. HP: 12/26 MP: 2/2
   494 | D:1      | Reached skill level 5 in Axes
   861 | D:1      | Reached XP level 3. HP: 28/31 MP: 3/3
  1279 | D:2      | Found a faded altar of an unknown god.
  1370 | D:2      | Reached skill level 6 in Axes
  1713 | D:2      | Reached XP level 4. HP: 40/40 MP: 4/4
  3121 | D:3      | Reached skill level 1 in Armour
  3264 | D:3      | Noticed ryw's ghost (amateur DESu)
  3432 | D:3      | Reached XP level 5. HP: 46/46 MP: 5/5
  3544 | D:3      | Found a transporter.
  3545 | D:3      | Found a transporter.
  3782 | D:4      | Reached skill level 7 in Axes
  4706 | D:4      | Found a staircase to the Ecumenical Temple.
  4715 | Temple   | Entered the Ecumenical Temple
  4937 | D:4      | Found a runed translucent door.
  4938 | D:4      | Noticed Crazy Yiuf
  5208 | D:4      | Noticed a centaur
  5597 | D:4      | Reached XP level 6. HP: 53/53 MP: 6/6
  5618 | D:4      | Reached skill level 8 in Axes
  6089 | D:4      | Reached skill level 5 in Fighting
  6430 | D:5      | Entered Level 5 of the Dungeon
  6519 | D:5      | Noticed Prince Ribbit
  6533 | D:4      | Killed Prince Ribbit
  6534 | D:4      | Reached skill level 9 in Axes
  6534 | D:4      | Reached XP level 7. HP: 45/61 MP: 7/7
  6743 | D:5      | Found a white marble altar of Elyvilon.
  6906 | D:5      | Reached skill level 10 in Axes
  7395 | D:5      | Noticed croobank's ghost (weakling DsDe)
  7397 | D:5      | Found a runed translucent door.
  7529 | D:5      | Reached skill level 11 in Axes
  7529 | D:5      | Reached XP level 8. HP: 65/68 MP: 8/8
  8342 | D:5      | Killed croobank's ghost
  8573 | D:6      | Noticed Pikel
  8738 | D:6      | Reached skill level 12 in Axes
  8832 | D:6      | Found a sand-covered staircase.
  8890 | Ossuary  | Entered an ossuary
  9514 | Ossuary  | Reached skill level 13 in Axes
  9751 | D:6      | Became a worshipper of Beogh the Brigand
  9751 | D:6      | Reached * piety under Beogh
  9751 | D:6      | Reached ** piety under Beogh
  9827 | D:5      | Slain by an orc warrior

Illustrated notes

Levels and vault maps discovered:
D:1:      scummos_arrival_star, layout_basic
D:2:      layout_loops_ring, shapermc_ecumenical_altar_mp_urbaneastern,
          minivault_4, patterned_corridor
D:3:      layout_loops_corners, gammafunk_ghost_gnarly_gnolls
D:4:      layout_loops_corners, minmay_temple_entry_purple_smoke,
          nrook_campfire, dk_noncrumbling_4, uniq_crazy_yiuf_cottage
D:5:      layout_basic, nicolae_elyvilon_temple_path,
          hellmonk_ghost_happy_afterlife, st_stairs_9, grunt_ministairs_11,
          small_statue_alley_b, uniq_prince_ribbit1
D:6:      layout_basic, enter_ossuary_4, uniq_pikel
Temple:   hc_temple_tempest_star

Skill      XL: |  1  2  3  4  5  6  7  8 |
---------------+-------------------------+-----
Axes           | 5 6 7 9 11 13 | 13.0
Fighting       | 4 5 6 |  6.3
Armour         | 1 |  1.0
Dodging        | 3 |  3.0
Stealth        | |  1.5

Action                   |  1- 3 |  4- 6 |  7- 9 || total
-------------------------+-------+-------+-------++-------
Melee: Hand axe          |   129 |   236 |   403 ||   768
       Whip              |       |       |     9 ||     9
Throw: Dart              |       |     3 |     2 ||     5
Invok: Convert to Beogh  |       |       |     1 ||     1
  Use: Scroll            |       |     4 |     8 ||    12
       Potion            |       |       |     2 ||     2
 Stab: Sleeping          |     2 |       |       ||     2
Armor: Robe              |    14 |       |       ||    14
       Ring mail         |     6 |    46 |    92 ||   144
Dodge: Dodged            |    69 |    98 |   137 ||   304

Table legend: (Time is in decaauts)
 A = Elapsed time spent in this place.
 B = Non-inter-level travel time spent in this place.
 C = Inter-level travel time spent in this place.
 D = Time resting spent in this place.
 E = Time spent auto-exploring this place.
 F = Levels seen in this place.
 G = Mean time per level.
                   A        B        C        D        E       F      G
               +--------+--------+--------+--------+--------+-----+--------+
         Total |   9721 |   8975 |    746 |   3631 |   3287 |   8 | 1215.1 |
       Dungeon |   8868 |   8133 |    735 |   3138 |   3209 |   6 | 1478.0 |
        Temple |    130 |    119 |     11 |      0 |     78 |   1 |  130.0 |
       Ossuary |    722 |    722 |      0 |    493 |      0 |   1 |  722.0 |
               +--------+--------+--------+--------+--------+-----+--------+

Top non-repeatable levels by time:
     D:4: 2729 daAuts
     D:2: 1777 daAuts
     D:5: 1699 daAuts
     D:1: 1184 daAuts
     D:3: 1103 daAuts
 Ossuary: 722 daAuts
     D:6: 375 daAuts
  Temple: 130 daAuts
